 Dungeon Crawl Stone Soup version 0.30.0-5-g1a98f26d00 (webtiles) character file.

Game seed: 14524902829408222415

2315 SeerSkye the Cleaver (level 9, -2/83 HPs)
             Began as a Minotaur Fighter on May 10, 2023.
             Slain by Joseph
             ... wielding a +0 quarterstaff
              (9 damage)
             ... on level 7 of the Dungeon.
             The game lasted 00:06:00 (6077 turns).

SeerSkye the Cleaver (Minotaur Fighter)             Turns: 6077, Time: 00:06:00

Health: -2/83      AC:  6    Str: 24    XL:     9   Next: 18%
Magic:  8/8        EV:  9    Int:  5    God:
Gold:   229        SH:  4    Dex: 11    Spells: 8/8 levels left

rFire   . . .        a - +1 war axe
rCold   . . .        c - +0 buckler
rNeg    . . .        b - +0 scale mail
rPois   .            (helmet restricted)
rElec   .            (no cloak)
rCorr   .            (no gloves)
SInv    .            (no boots)
Will    .....        (no amulet) Stlth
                     p - ring of flight
HPRegen 0.33/turn    (no ring)
MPRegen 0.11/turn

%: no passive effects
@: flying
A: horns 2, retaliatory headbutt
a: no special abilities


You were on level 7 of the Dungeon.
You visited 2 branches of the dungeon, and saw 8 of its levels.
You also visited: Sewer.

You collected 229 gold pieces.

Inventory:

Hand Weapons
 a - a +1 war axe (weapon)
Missiles
 i - 4 javelins (quivered)
Armour
 b - a +0 scale mail (worn)
 c - a +0 buckler (worn)
Jewellery
 p - a ring of flight (left hand)
 s - a ring of wizardry
Wands
 d - a wand of mindburst (12)
Scrolls
 e - 3 scrolls of poison
 j - a scroll of amnesia
 l - a scroll of enchant armour {unknown}
 m - a scroll of brand weapon {unknown}
 n - 2 scrolls of magic mapping
 o - a scroll of immolation {unknown}
 q - 2 scrolls of silence
 r - a scroll of torment {unknown}
 t - a scroll of fear {unknown}
 u - a scroll of enchant weapon
 v - a scroll of fog
Potions
 f - 2 potions of heal wounds {@q2}
 g - 3 potions of attraction
 h - a potion of berserk rage {unknown}
 k - a potion of ambrosia
 w - a potion of magic
 x - a potion of brilliance


   Skills:
 + Level 9.2 Fighting
 * Level 12.2 Axes
 - Level 3.6 Armour
 - Level 3.6 Shields


You had 8 spell levels left.
You didn't know any spells.
Your spell library contained the following spells:

 Spells                   Type           Power      Damage    Failure   Level
 Beastly Appendage        Tmut           0%         N/A       83%         1
 Wereblood                Tmut           0%         N/A       93%         2
 Spider Form              Tmut/Pois      0%         N/A       99%         3


Dungeon Overview and Level Annotations

Branches:
Dungeon (7/15) Zot: 26904  Temple (1/1) D:6 Zot: 5952   Sewer (visited)

Altars:
Dithmenos
Elyvilon
Fedhas
Hepliaklqana
Kikubaaqudgha
Nemelex Xobeh
Qazlal
Trog
Vehumet
Wu Jian
Xom
Yredelemnul
The Shining One

Shops:
D:2 (   D:5 :

Portals:
Abyss: D:4

Annotations:
D:4 2 transporters, rundlesten's ghost, novice HuFi
D:5 2 transporters, hogiebunz's ghost, amateur KoHu
D:7 Joseph


Innate Abilities, Weirdness & Mutations

You have a pair of horns on your head.
You reflexively headbutt those who attack you in melee.


Message History

* * * LOW HITPOINT WARNING * * *
Items here: $ ) [ †.
You hit Joseph but do no damage. Joseph hits you with a +0 quarterstaff.
* * * LOW HITPOINT WARNING * * *
You hit Joseph.
Joseph is lightly wounded.
A scorpion comes into view.
Joseph hits you with a +0 quarterstaff!
* * * LOW HITPOINT WARNING * * *
Aiming: Mindburst
Press: ? - help, Shift-Dir - straight line, f - Joseph
Aim: Joseph, wielding a +0 quarterstaff and wearing a +0 leather armour (lightly wounded, chance to affect: 47%)
Okay, then.
You feel much better. Joseph hits you with a +0 quarterstaff!
Okay, then.
Okay, then.
You hit Joseph.
Joseph is lightly wounded.
Joseph hits you with a +0 quarterstaff!
* * * LOW HITPOINT WARNING * * *
You closely miss Joseph.
Joseph is lightly wounded.
Joseph barely misses you. You furiously retaliate!
You headbutt Joseph. You hit Joseph.
Joseph is lightly wounded.
You hit Joseph but do no damage.
Joseph is lightly wounded.
Joseph hits you with a +0 quarterstaff!
* * * LOW HITPOINT WARNING * * *
You hit Joseph. Your headbutt misses Joseph.
Joseph is lightly wounded.
Joseph hits you with a +0 quarterstaff!
* * * LOW HITPOINT WARNING * * *
You hit Joseph. Your headbutt misses Joseph.
Joseph is moderately wounded.
You block Joseph's attack.
You slash Joseph! You headbutt Joseph.
Joseph is heavily wounded.
Joseph hits you with a +0 quarterstaff!
You die...

###.##.# #.# #......####
#<# #.........# #.#
######.##.# #.#
#......##.#####.#
#######.#######.....).#
###.....#.################
........................>#
###.#<#.#.#.####@#######.#
# #.#.#.#.####@#
#.#.#.#....#g#
#.#.#.####.#g#
#.#.#......#g#
#.#.########s# ..... #..
... #.## ...


You could see Joseph, a scorpion and 3 gnolls.

Vanquished Creatures
  Prince Ribbit (D:6)
  A water moccasin (D:5)
  Pargi (D:3)
  A black bear (D:4)
  An ogre (D:5)
  2 phantoms
  5 kobold brigands (Sewer)
  A gnoll sergeant (D:7)
  5 scorpions
  3 wights (D:6)
  A gnoll bouda (D:5)
  2 orc priests (D:6)
  3 hounds
  2 orc wizards (D:6)
  3 iguanas
  Natasha (thrice) (D:2)
  14 gnolls
  8 adders
  3 river rats
  A shadow imp (D:5)
  A white imp (D:5)
  2 ufetubi
  6 worms
  2 dart slugs
  6 orcs (D:6)
  9 ball pythons
  3 bats
  7 endoplasms
  3 giant cockroaches
  5 goblins
  6 hobgoblins
  10 jackals (D:1)
  2 quokkas (D:2)
  3 frilled lizards
  11 kobolds
  13 rats
150 creatures vanquished.

Vanquished Creatures (others)
  An adder (D:6)
1 creature vanquished.

Grand Total: 151 creatures vanquished

Notes
Turn   | Place    | Note
-------+----------+-------------------------------------------
     0 | D:1      | SeerSkye the Minotaur Fighter began the quest for the Orb.
     0 | D:1      | Reached XP level 1. HP: 19/19 MP: 0/0
   105 | D:1      | Reached skill level 3 in Axes
   120 | D:1      | Reached XP level 2. HP: 23/27 MP: 1/1
   332 | D:1      | Found a faded altar of an unknown god.
   354 | D:1      | Reached XP level 3. HP: 33/33 MP: 2/2
   444 | D:1      | Reached skill level 4 in Axes
   976 | D:2      | Noticed Natasha
   983 | D:2      | Killed Natasha
   984 | D:2      | Reached XP level 4. HP: 41/41 MP: 3/3
  1005 | D:2      | Found Leapoll's Weapon Emporium.
  1081 | D:2      | Noticed Natasha
  1086 | D:2      | Killed Natasha
  1177 | D:2      | Noticed Natasha
  1188 | D:2      | Killed Natasha
  1189 | D:2      | Reached skill level 5 in Axes
  1531 | D:3      | Reached XP level 5. HP: 47/47 MP: 4/4
  1581 | D:3      | Reached skill level 5 in Fighting
  1717 | D:3      | Noticed Pargi
  1725 | D:3      | Killed Pargi
  1726 | D:3      | Reached skill level 6 in Axes
  1726 | D:3      | Reached XP level 6. HP: 32/56 MP: 5/5
  1816 | D:3      | Found a bloodstained altar of Trog.
  1923 | D:3      | Found a sparkling altar of Nemelex Xobeh.
  2017 | D:4      | Found a transporter.
  2044 | D:4      | Found a one-way gate to the infinite horrors of the Abyss.
  2044 | D:4      | Noticed rundlesten's ghost (novice HuFi)
  2050 | D:4      | Found a transporter.
  2086 | D:4      | Noticed an ancient zyme
  2105 | D:4      | Identified the +5 flail of the Thirsty Knaves {flame, *Rage
                  | rElec rF+ rCorr}
  2121 | D:4      | Reached skill level 7 in Axes
  2338 | D:4      | Reached XP level 7. HP: 63/63 MP: 6/6
  2875 | D:5      | Entered Level 5 of the Dungeon
  2880 | D:5      | Reached skill level 8 in Axes
  2884 | D:5      | Noticed hogiebunz's ghost (amateur KoHu)
  2963 | D:5      | Noticed a hornet
  2966 | D:5      | Found a transporter.
  2971 | D:5      | Found a transporter.
  2998 | D:5      | Found Katwoon's Book Emporium.
  3133 | D:5      | Reached skill level 9 in Axes
  3213 | D:5      | Reached XP level 8. HP: 68/73 MP: 7/7
  3489 | D:5      | Found a glowing golden altar of the Shining One.
  3491 | D:5      | Reached skill level 10 in Axes
  3680 | D:6      | Found a glowing drain.
  3724 | Sewer    | Entered a sewer
  4497 | Sewer    | Reached skill level 11 in Axes
  4773 | D:6      | Found a white marble altar of Elyvilon.
  5084 | D:6      | Reached XP level 9. HP: 72/82 MP: 8/8
  5184 | D:6      | Noticed Prince Ribbit
  5200 | D:6      | Killed Prince Ribbit
  5201 | D:6      | Reached skill level 12 in Axes
  5479 | D:6      | Found a staircase to the Ecumenical Temple.
  5503 | Temple   | Entered the Ecumenical Temple
  5618 | D:6      | Found a stormy altar of Qazlal.
  6051 | D:7      | Noticed Joseph
  6077 | D:7      | Slain by Joseph

Illustrated notes

Levels and vault maps discovered:
D:1:      scummos_arrival_simple_fountains, layout_basic,
          chequers_ecumenical_altar_island
D:2:      layout_basic, serial_shops, shop, uniq_natasha
D:3:      layout_loops_cross, nemelex_diamond_rough_becter,
          trog_three_pillars_becter, uniq_pargi
D:4:      layout_gridville, gammafunk_ghost_abyssal_escape
D:5:      layout_rooms, mainiacjoe_overflow_alcove_4, serial_shops, shop,
          gammafunk_ghost_hive, bh_walls_and_bars
D:6:      layout_cave_pods, kennysheep_mini, grunt_qazlal_clouds,
          minmay_temple_entry_large_hall, gup_sewer_entry_bowl,
          uniq_prince_ribbit1
D:7:      layout_basic, uniq_joseph
Temple:   nicolae_temple_ecumenical_triangle

Skill      XL: |  1  2  3  4  5  6  7  8  9 |
---------------+----------------------------+-----
Axes           | 3 4 5 6 7 9 11 12 | 12.2
Fighting       | 4 5 6 7 8 9 |  9.2
Armour         | |  3.6
Shields        | |  3.6

Action                     |  1- 3 |  4- 6 |  7- 9 || total
---------------------------+-------+-------+-------++-------
  Melee: War axe           |    69 |    72 |   219 ||   360
         Headbutt          |     3 |    11 |    26 ||    40
    Use: Scroll            |       |     2 |     8 ||    10
         Potion            |       |     1 |     3 ||     4
 Armour: Scale mail        |    31 |    30 |    42 ||   103
  Dodge: Dodged            |    44 |    34 |    84 ||   162
  Block: Buckler           |    25 |    17 |    35 ||    77
